 Dungeon Crawl Stone Soup version 0.29.0-4-gdea44cf6ec (webtiles) character file.

Game seed: 9592494950586886591

85 qw the Sneak (level 4, -1/21 HPs)
             Began as a Felid Delver on Aug 27, 2022.
             Slain by an iguana (12 damage)
             ... on level 5 of the Dungeon.
             The game lasted 00:00:04 (360 turns).

qw the Sneak (Felid Delver)                          Turns: 360, Time: 00:00:05

Health: -1/21      AC:  1    Str:  8    XL:     4   Next: 25%
Magic:  5/5        EV: 20    Int: 11    God:
Gold:   0          SH:  0    Dex: 20    Spells: 3/3 levels left
                                        Lives:  0   Deaths: 1

rFire   . . .      SeeInvis +     - Unarmed
rCold   . . .      Faith    .   (shield unavailable)
rNeg    . . .      Spirit   .   (body armour unavailable)
rPois   .          Reflect  .   (helmet unavailable)
rElec   .          Harm     .   (cloak unavailable)
rCorr   .          Rampage  .   (gloves unavailable)
Will    .....                   (boots unavailable)
Stlth   ++++......              (no amulet)
HPRegen 0.07/turn               (no ring)
MPRegen 0.09/turn               (no ring)

@: quick
A: very small, claws 1, fangs 3, see invisible, speed 1, shaggy fur 1, stealthy
paws, no weapons or thrown items, no armour, multi-lived
a: no special abilities


You were on level 5 of the Dungeon.
You visited 1 branch of the dungeon, and saw 1 of its levels.


Innate Abilities, Weirdness & Mutations

You have sharp claws.
You have razor-sharp teeth.
You have supernaturally acute eyesight. (SInv)
You cover ground quickly. (Speed+)
You are covered in fur. (AC +1)
Your paws help you pounce on unaware monsters.
You are incapable of wielding weapons or throwing items.
You cannot wear armour.
You gain extra lives every three experience levels.


   Skills:
 - Level 3.0 Fighting
 - Level 4.8 Dodging
 - Level 6.6 Stealth
 + Level 4.5 Unarmed Combat


You had 3 spell levels left.
You didn't know any spells.
Your spell library was empty.

Inventory:

Wands
 e - a wand of digging (3)
Scrolls
 a - a scroll of identify
Potions
 d - a potion of haste

Dungeon Overview and Level Annotations

Branches:
Dungeon (5/15)             Temple (0/1) D:5

Altars:
Hepliaklqana
Kikubaaqudgha
Nemelex Xobeh
Xom


Message History

As you read the scroll of teleportation, it crumbles to dust.
You feel strangely unstable. The phantom hits you!
You die...
You are now level 4!
You rejoin the land of the living...
You open the door.
An iguana is nearby!
344 ||| Stepping ~*~*~tactically~*~*~ (stealth).
Found a murky pink potion.
There is an open door here.
346 ||| Stepping ~*~*~tactically~*~*~ (stealth).
There is an open door here.
348 ||| Stepping ~*~*~tactically~*~*~ (stealth).
There is an open door here.
350 ||| Stepping ~*~*~tactically~*~*~ (stealth).
There is an open door here.
352 ||| Stepping ~*~*~tactically~*~*~ (stealth).
The iguana hisses angrily.
The iguana misses you.
There is an open door here.
You barely miss the iguana. Your bite misses the iguana.
The iguana barely misses you.
You scratch the iguana but do no damage.
You closely miss the iguana. The iguana bites you!
You scratch the iguana.
The iguana is lightly wounded.
The iguana barely misses you.
You completely miss the iguana.
The iguana is lightly wounded.
The iguana completely misses you.
You scratch the iguana but do no damage.
The iguana is lightly wounded.
The iguana barely misses you.
You scratch the iguana but do no damage.
The iguana is lightly wounded.
The iguana bites you!
Ouch! That really hurt!
You die...

#...~ ###...# ....
......# #### ## ......#
... ...... ~~..7777....#
## !...........# #.
......l.....# ####. ##@##
#.... ##...## ##....
##.....## ###.....
#.......## #.....).
#...#.#...## #.####..
#...##.##...## #.# ~~~
#...##...##...###.####..
#...##.....##...##..###..
...##.......##...##..##.#


You could see an iguana.

Vanquished Creatures
  An ogre (D:5)
  A necrophage (D:5)
  An adder (D:5)
  A dart slug (D:5)
  An orc (D:5)
  4 jackals (D:5)
  A quokka (D:5)
10 creatures vanquished.

Notes
Turn   | Place    | Note
-------+----------+-------------------------------------------
     0 | D:5      | qw the Felid Delver began the quest for the Orb.
     0 | D:5      | Reached XP level 1. HP: 10/10 MP: 2/2
     0 | D:5      | 0 ||| qw: Version: 0.1-a-89-g26bdef1
     0 | D:5      | 0 ||| qw: Game counter: 40
     0 | D:5      | 0 ||| qw: Always use a shield: true
     0 | D:5      | 0 ||| qw: God list: Okawaru, Trog
     0 | D:5      | 0 ||| qw: Allow faded altars: false
     0 | D:5      | 0 ||| qw: Do Orc after D:15 true
     0 | D:5      | 0 ||| qw: Do second Lair branch before Depths: true
     0 | D:5      | 0 ||| qw: Lair rune preference: random
     0 | D:5      | 0 ||| qw: Plans: Normal
     0 | D:5      | 0 ||| PLANNING D:1-11
    27 | D:5      | Noticed an ogre
    52 | D:5      | Killed an ogre
    53 | D:5      | Reached XP level 2. HP: 14/14 MP: 3/3
    53 | D:5      | Reached XP level 3. HP: 17/17 MP: 4/4
    53 | D:5      | Reached XP level 4. HP: 21/21 MP: 5/5
    87 | D:5      | Reached skill level 3 in Dodging
   103 | D:5      | Found a staircase to the Ecumenical Temple.
   104 | D:5      | 104 ||| PLANNING TEMPLE
   104 | D:5      | 104 ||| Stepping ~*~*~tactically~*~*~ (stealth).
   105 | D:5      | 105 ||| READING scroll labelled COWNAT FETAS.
   106 | D:5      | 106 ||| READING scroll labelled UDGHU PEOCON.
   107 | D:5      | 107 ||| READING scroll labelled YTWIUL JUQYNK.
   111 | D:5      | 111 ||| DROPPING scroll of fog.
   112 | D:5      | 112 ||| DROPPING scroll of magic mapping.
   113 | D:5      | 113 ||| DROPPING scroll of fear.
   234 | D:5      | Found a sparkling altar of Nemelex Xobeh.
   235 | D:5      | Found an ancient bone altar of Kikubaaqudgha.
   273 | D:5      | 273 ||| Stepping ~*~*~tactically~*~*~ (stealth).
   274 | D:5      | 274 ||| Stepping ~*~*~tactically~*~*~ (stealth).
   296 | D:5      | Found a shimmering altar of Xom.
   297 | D:5      | Found a hazy altar of Hepliaklqana.
   298 | D:5      | Noticed a spectral ugly thing
   309 | D:5      | 309 ||| Stepping ~*~*~tactically~*~*~ (stealth).
   315 | D:5      | Noticed a necrophage
   316 | D:5      | Noticed a phantom
   317 | D:5      | 317 ||| Stepping ~*~*~tactically~*~*~ (stealth).
   327 | D:5      | 327 ||| Stepping ~*~*~tactically~*~*~ (outnumbered).
   329 | D:5      | 329 ||| Stepping ~*~*~tactically~*~*~ (outnumbered).
   339 | D:5      | Killed a necrophage
   340 | D:5      | Reached XP level 5. HP: 7/24 MP: 6/6
   341 | D:5      | HP: 3/24 [phantom (4)]
   342 | D:5      | 342 ||| READING scroll of teleportation.
   342 | D:5      | Slain by a phantom
   343 | D:5      | Reached XP level 4. HP: -4/21 MP: 5/5
   344 | D:5      | 344 ||| Stepping ~*~*~tactically~*~*~ (stealth).
   346 | D:5      | 346 ||| Stepping ~*~*~tactically~*~*~ (stealth).
   348 | D:5      | 348 ||| Stepping ~*~*~tactically~*~*~ (stealth).
   350 | D:5      | 350 ||| Stepping ~*~*~tactically~*~*~ (stealth).
   352 | D:5      | 352 ||| Stepping ~*~*~tactically~*~*~ (stealth).
   360 | D:5      | Slain by an iguana

Levels and vault maps discovered:
D:5:      layout_basic, regret_index_temple_of_mockery,
          mainiacjoe_overflow_boulevard,
          chequers_temple_overflow_statue_of_worship, minmay_temple_entry_mist,
          serial_rivers, chequers_serial_rivers_large_a,
          chequers_serial_rivers_micro_d, chequers_serial_rivers_micro_a,
          chequers_serial_rivers_room_a, chequers_serial_rivers_micro_a,
          gammafunk_ghost_necromancy, minivault_4, st_stairs_3,
          kennysheep_diamond, uniq_blork_the_orc

Skill      XL: |  1  2  3  4 |
---------------+-------------+-----
Unarmed Combat | 4 |  4.5
Dodging        | 4 |  4.8
Fighting       | |  3.0
Stealth        | |  6.6

Action                   |  1- 3 |  4- 6 || total
-------------------------+-------+-------++-------
Melee: Unarmed           |    11 |    50 ||    61
       Bite              |     1 |     4 ||     5
       Punch             |       |     1 ||     1
  Use: Scroll            |       |     4 ||     4
 Stab: Distracted        |       |     1 ||     1
Dodge: Dodged            |     8 |    36 ||    44

Table legend:
 A = Non-vault XP
 B = Vault XP
 C = Vault XP percentage of total XP
 D = Non-vault monster count
 E = Vault monster count
 F = Vault count percentage of total count
                 A         B        C        D         E       F
            +---------+---------+-------+---------+---------+-------
      Total |     244 |       0 |   0.0 |      10 |       0 |   0.0
            +---------+---------+-------+---------+---------+-------
        D:5 |     244 |       0 |   0.0 |      10 |       0 |   0.0
            +---------+---------+-------+---------+---------+-------
